 Dungeon Crawl Stone Soup version 0.21.1-1-g345015f (webtiles) character file.

112 keltmir the Skirmisher (level 4, 0/41 HPs)
             Began as a Hill Orc Fighter on Apr 1, 2018.
             Slain by an orc
             ... wielding a +0 flail
              (8 damage)
             ... on level 3 of the Dungeon.
             The game lasted 00:04:07 (1840 turns).

keltmir the Skirmisher (Hill Orc Fighter)           Turns: 1840, Time: 00:04:08

Health: 0/41       AC:  7    Str: 19    XL:     4   Next: 93%
Magic:  4/4        EV:  7    Int:  8    God:
Gold:   92         SH:  9    Dex: 10    Spells: 3/3 levels left

rFire    . . .     SeeInvis .   a - +0 flail
rCold    . . .     Gourm    .   c - +0 shield
rNeg     . . .     Faith    .   b - +0 scale mail
rPois    .         Spirit   .   (no helmet)
rElec    .         Reflect  .   (no cloak)
rCorr    .         Harm     .   (no gloves)
MR       .....                  (no boots)
Stlth    ..........             (no amulet)
HPRegen  0.13/turn              (no ring)
MPRegen  0.09/turn              (no ring)

@: no status effects
A: no striking features
a: no special abilities


You were on level 3 of the Dungeon.
You were not hungry.

You visited 1 branch of the dungeon, and saw 3 of its levels.

You collected 92 gold pieces.

Inventory:

Hand Weapons
 a - a +0 flail (weapon)
Armour
 b - a +0 scale mail (worn)
 c - a +0 shield (worn)
Jewellery
 g - an uncursed ring of protection from cold {unknown}
 l - an uncursed ring of see invisible {unknown}
Scrolls
 h - a scroll of fear {unknown}
 o - a scroll of remove curse {unknown}
Potions
 d - a potion of invisibility {unknown}
 e - 2 potions of brilliance
 i - a potion of flight {unknown}
 j - a potion of berserk rage {unknown}
 k - a potion of haste
 m - a potion of resistance {unknown}
Comestibles
 f - 5 rations
 n - 3 chunks of flesh


   Skills:
 + Level 4.3 Fighting
 * Level 3.8 Maces & Flails
 + Level 4.0 Armour
 + Level 3.9 Shields


You had 3 spell levels left.
You didn't know any spells.

Dungeon Overview and Level Annotations

Branches:
Dungeon (3/15)

Altars:
Makhleb
Zin


Message History

The orc hits you but does no damage. You block the orc wizard's attack.
The orc barely misses you.
You hit the orc wizard.
The orc wizard is severely wounded.
The orc wizard gestures at you while chanting.
The magic dart hits you!
The orc wizard casts a cantrip, but nothing happens.
You block the orc's attack.
You sock the orc wizard!
You kill the orc wizard!
Your Armour skill increases to level 4!
The orc hits you with a flail. The orc hits you with a flail!
* * * LOW HITPOINT WARNING * * *
Things that are here:
a dagger; a robe; an orc corpse Unknown command.
You closely miss the orc. You block the orc's attack.
You closely miss the orc. The orc hits you with a flail!
You die...

#..........(. ..
#............ ..
#............ .
#............
.######............
#.......###########
. #.####..#
....##.####..#
#..)@.)...#
#.#.#o....#
...(...#.#
#...)..(#.#
#..........
##...$#.#.##
......#.#.#
#####.#.#.#


You could see an orc.

Vanquished Creatures
  The ghost of buskinjo the Chucker, a weakling OgHu (D:3)
  An orc wizard (D:3)
  A worm (D:3)
  A dart slug (D:1)
  An orc (D:3)
  A giant cockroach (D:2)
  4 goblins
  2 hobgoblins (D:1)
  8 jackals
  2 ball pythons (D:1)
  2 bats (D:2)
  A frilled lizard (D:2)
  A kobold (D:1)
  4 rats
30 creatures vanquished.

Notes
Turn   | Place    | Note
-------+----------+-------------------------------------------
     0 | D:1      | keltmir the Hill Orc Fighter began the quest for the Orb.
     0 | D:1      | Reached XP level 1. HP: 19/19 MP: 1/1
   199 | D:1      | Reached XP level 2. HP: 27/27 MP: 2/2
   708 | D:2      | Found a burning altar of Makhleb.
   710 | D:2      | Noticed a blizzard demon
   713 | D:2      | Found a glowing silver altar of Zin.
   713 | D:2      | Noticed an angel
  1442 | D:3      | Reached XP level 3. HP: 28/33 MP: 3/3
  1511 | D:3      | Noticed buskinjo's ghost (weakling OgHu)
  1696 | D:3      | Killed buskinjo's ghost
  1696 | D:3      | Reached XP level 4. HP: 31/40 MP: 4/4
  1840 | D:3      | Slain by an orc

Skill      XL: |  1  2  3  4 |
---------------+-------------+-----
Fighting       | 4 |  4.3
Maces & Flails | 3 |  3.8
Armour         | 4 |  4.0
Shields        | |  3.9

Action                   |  1- 3 |  4- 6 || total
-------------------------+-------+-------++-------
Melee: Flail             |   129 |    23 ||   152
  Use: Scroll            |     2 |       ||     2
       Potion            |     1 |       ||     1
  Eat: Chunk             |     3 |       ||     3
Armor: Scale mail        |    78 |    10 ||    88
Dodge: Dodged            |    46 |     7 ||    53
Block: Shield            |    86 |    12 ||    98
